 Dungeon Crawl Stone Soup version 0.30-a0-723-gc1506a1cf0 (webtiles) character file.

Game seed: 3644219439212889755

95 Leeroy the Grasshopper (level 4, -1/38 HPs)
             Began as a Gnoll Warper on Jan 28, 2023.
             Slain by an orc
             ... wielding a +2 antimagic hand axe
              (6 damage)
             ... on level 3 of the Dungeon.
             The game lasted 00:03:52 (2191 turns).

Leeroy the Grasshopper (Gnoll Warper)               Turns: 2191, Time: 00:03:52

Health: -1/38      AC:  3    Str: 11    XL:     4   Next: 66%
Magic:  11/11      EV: 18    Int: 12    God:
Gold:   145        SH:  0    Dex: 13    Spells: 5/13 levels left

rFire   . . .      SeeInvis .    a - +0 falchion
rCold   . . .      Faith    .    (no shield)
rNeg    + . .      Spirit   .    b - +0 leather armour
rPois   .          Reflect  .    (no helmet)
rElec   .          Harm     .    (no cloak)
rCorr   .          Rampage  .    (no gloves)
Will    .....                    (no boots)
Stlth   +                        (no amulet)
HPRegen 0.26/turn                u - +5 ring of evasion
MPRegen 0.12/turn                g - ring of positive energy

@: no status effects
A: fangs 1, strong nose, distributed training
a: no special abilities


You were on level 3 of the Dungeon.
You visited 1 branch of the dungeon, and saw 3 of its levels.

You collected 145 gold pieces.

Inventory:

Hand Weapons
 a - a +0 falchion (weapon)
 i - a +0 rapier
Missiles
 d - 7 boomerangs of dispersal (quivered)
Armour
 b - a +0 leather armour (worn)
Jewellery
 g - a ring of positive energy (right hand)
 u - a +5 ring of evasion (left hand)
 v - a ring of willpower
Wands
 k - a wand of paralysis (8)
Scrolls
 c - a scroll of blinking
 h - 2 scrolls of enchant armour {unknown}
 l - a scroll of summoning {unknown}
 m - 2 scrolls of vulnerability {unknown}
 o - a scroll of immolation {unknown}
 p - 3 scrolls of identify {unknown}
 q - 3 scrolls of teleportation {unknown}
 r - a scroll of silence {unknown}
Potions
 e - a potion of curing
 f - a potion of invisibility {unknown}
 j - a potion of brilliance {unknown}
 n - a potion of degeneration {unknown}
 s - a potion of attraction {unknown}
 t - a potion of mutation {unknown}


   Skills:
 + Level 4.7 Fighting
 + Level 1.2 Short Blades
 + Level 4.7 Long Blades
 + Level 1.2 Axes
 + Level 1.2 Maces & Flails
 + Level 1.2 Polearms
 + Level 1.2 Staves
 + Level 1.2 Ranged Weapons
 + Level 2.8 Throwing
 + Level 2.8 Armour
 + Level 4.7 Dodging
 + Level 1.2 Stealth
 + Level 1.2 Shields
 + Level 1.2 Unarmed Combat
 + Level 5.1 Spellcasting
 + Level 1.0 Conjurations
 + Level 1.0 Hexes
 + Level 1.0 Summonings
 + Level 1.0 Necromancy
 + Level 5.5 Translocations
 + Level 1.0 Transmutations
 + Level 1.0 Fire Magic
 + Level 1.0 Ice Magic
 + Level 1.0 Air Magic
 + Level 1.0 Earth Magic
 + Level 1.0 Poison Magic
 + Level 1.4 Invocations
 + Level 1.2 Evocations


You had 5 spell levels left.
You knew the following spells:

 Your Spells              Type           Power      Damage    Failure   Level
a - Blink                 Tloc           32%        N/A       4%          2
b - Teleport Other        Tloc           16%        N/A       8%          3
c - Vhi's Electric Charg  Tloc/Air       20%        N/A       21%         3

Your spell library contained the following spells:

 Spells                   Type           Power      Damage    Failure   Level
 Lesser Beckoning         Tloc           32%        N/A       4%          2
 Static Discharge         Conj/Air       10%        2-3/arc   24%         2
 Manifold Assault         Tloc           16%        N/A       26%         4
 Arcjolt                  Conj/Air       2%         1d12      99%         5
 Lightning Bolt           Conj/Air       2%         1d14      99%         5


Dungeon Overview and Level Annotations

Branches:
Dungeon (3/15)

Altars:


Innate Abilities, Weirdness & Mutations

You have very sharp teeth.
Your uncanny sense of smell can sniff out nearby items.
Your experience applies equally to all skills.


Message History

You barely miss the orc wizard. Your bite misses the orc wizard.
The orc wizard completely misses you. The ball python misses you.
The ball python barely misses you.
You barely miss the orc wizard.
The orc wizard gestures at you while chanting.
You are confused.
The ball python closely misses you. The ball python barely misses you.
The orc wizard attacks as you move away!
The orc wizard closely misses you.
The orc wizard gestures wildly while chanting.
The orc wizard flickers and vanishes!
Deactivating autopickup; reactivate with Ctrl-A.
It was a potion of curing.
You feel better. The ball python misses you. The ball python barely misses you.
You completely miss the ball python. The ball python barely misses you.
The ball python grabs you. The ball python constricts you. Something hits you.
The ball python bites you. The ball python constricts you.
You hit the ball python.
You kill the ball python!
Something closely misses you. The orc misses you. Something barely misses you.
You hit the orc. Your bite misses the orc.
The orc is severely wounded.
You hit something. The orc priest hits you with a +0 mace.
Something hits you but does no damage.
You barely miss the orc.
The orc is severely wounded.
The orc barely misses you. The orc priest hits you with a +0 mace.
Something hits you.
* * * LOW HITPOINT WARNING * * *
You barely miss the orc. You bite the orc, but do no damage.
The orc is severely wounded.
The orc closely misses you. The orc priest misses you. Something hits you.
* * * LOW HITPOINT WARNING * * *
The orc misses you. The orc priest barely misses you. Something hits you.
* * * LOW HITPOINT WARNING * * *
You hit the orc but do no damage.
The orc is severely wounded.
The orc hits you with a +2 antimagic hand axe.
You die...

#......# #......###.#### #####.#
#......# ##.....# #.######.....#
.......# #o....# #......#.....#
..##########o#######......#......
..# #...................#......
..# #.......##...########......
..# #.......##...# #.###.# ###
#.......##o..#### ##.# #.#
#.........@.....# #..# #..
#####....o#####.####.#####.
#..................# #.
######.....#####.....# ##
#.....).8.## ##.8..# #........##
##...# #.......#####....##..#
####.#.##⌠.⌠##.. ##.#
#.#.#.....#.. #.#


You could see an orc priest and an orc.

Vanquished Creatures
  A howler monkey (D:3)
  An adder (D:3)
  A worm (D:3)
  A dart slug (D:2)
  4 ball pythons
  A bat (D:1)
  5 endoplasms
  3 giant cockroaches (D:1)
  2 goblins (D:1)
  3 hobgoblins
  5 jackals
  3 quokkas (D:3)
  3 frilled lizards
  4 kobolds
  3 rats
40 creatures vanquished.

Notes
Turn   | Place    | Note
-------+----------+-------------------------------------------
     0 | D:1      | Leeroy the Gnoll Warper began the quest for the Orb.
     0 | D:1      | Reached XP level 1. HP: 20/20 MP: 6/6
    90 | D:1      | Reached XP level 2. HP: 23/26 MP: 7/7
   533 | D:1      | Learned a level 2 spell: Blink
   811 | D:2      | Reached skill level 5 in Spellcasting
   811 | D:2      | Reached XP level 3. HP: 31/31 MP: 7/9
  1066 | D:2      | Noticed an ogre
  1119 | D:3      | Found a faded altar of an unknown god.
  1306 | D:3      | Reached skill level 1 in Invocations
  1338 | D:3      | Learned a level 3 spell: Teleport Other
  1343 | D:3      | Learned a level 3 spell: Vhi's Electric Charge
  1447 | D:3      | Reached skill level 1 in Short Blades
  1447 | D:3      | Reached skill level 1 in Axes
  1447 | D:3      | Reached skill level 1 in Maces & Flails
  1447 | D:3      | Reached skill level 1 in Polearms
  1447 | D:3      | Reached skill level 1 in Staves
  1447 | D:3      | Reached skill level 1 in Ranged Weapons
  1447 | D:3      | Reached skill level 1 in Stealth
  1447 | D:3      | Reached skill level 1 in Shields
  1447 | D:3      | Reached skill level 1 in Unarmed Combat
  1447 | D:3      | Reached skill level 1 in Evocations
  1662 | D:3      | Found a faded altar of an unknown god.
  2116 | D:3      | Reached skill level 1 in Conjurations
  2116 | D:3      | Reached skill level 1 in Hexes
  2116 | D:3      | Reached skill level 1 in Summonings
  2116 | D:3      | Reached skill level 1 in Necromancy
  2116 | D:3      | Reached skill level 1 in Transmutations
  2116 | D:3      | Reached skill level 1 in Fire Magic
  2116 | D:3      | Reached skill level 1 in Ice Magic
  2116 | D:3      | Reached skill level 1 in Air Magic
  2116 | D:3      | Reached skill level 1 in Earth Magic
  2116 | D:3      | Reached skill level 1 in Poison Magic
  2116 | D:3      | Reached XP level 4. HP: 32/38 MP: 11/11
  2191 | D:3      | Slain by an orc

Illustrated notes

Levels and vault maps discovered:
D:1:      dpeg_arrival_another_circle, layout_basic
D:2:      layout_basic, kennysheep_generic_room_8
D:3:      layout_basic, nicolae_overflow_ecumenical_swirl,
          hellmonk_ecumenical_altar_crossroads, minmay_unequal

Skill      XL: |  1  2  3 |
---------------+----------+-----
Spellcasting   | 5 |  5.1
Invocations    | 1 |  1.4
Short Blades   | 1 |  1.2
Axes           | 1 |  1.2
Maces & Flails | 1 |  1.2
Polearms       | 1 |  1.2
Staves         | 1 |  1.2
Ranged Weapons | 1 |  1.2
Stealth        | 1 |  1.2
Shields        | 1 |  1.2
Unarmed Combat | 1 |  1.2
Evocations     | 1 |  1.2
Conjurations   | 1 |  1.0
Hexes          | 1 |  1.0
Summonings     | 1 |  1.0
Necromancy     | 1 |  1.0
Transmutations | 1 |  1.0
Fire Magic     | 1 |  1.0
Ice Magic      | 1 |  1.0
Air Magic      | 1 |  1.0
Earth Magic    | 1 |  1.0
Poison Magic   | 1 |  1.0
Fighting       | |  4.7
Long Blades    | |  4.7
Throwing       | |  2.8
Armour         | |  2.8
Dodging        | |  4.7
Translocations | |  5.5

Action                     |  1- 3 |  4- 6 || total
---------------------------+-------+-------++-------
  Melee: Falchion          |   133 |     9 ||   142
         Punch             |     5 |       ||     5
         Bite              |     8 |     1 ||     9
    Use: Potion            |       |     1 ||     1
 Armour: Leather armour    |    31 |     1 ||    32
  Dodge: Dodged            |   106 |    18 ||   124

Table legend: (Time is in decaauts)
 A = Elapsed time spent in this place.
 B = Non-inter-level travel time spent in this place.
 C = Inter-level travel time spent in this place.
 D = Time resting spent in this place.
 E = Time spent auto-exploring this place.
 F = Levels seen in this place.
 G = Mean time per level.
                   A        B        C        D        E       F      G
               +--------+--------+--------+--------+--------+-----+--------+
         Total |   2200 |   2167 |     33 |      0 |   1723 |   3 |  733.3 |
       Dungeon |   2200 |   2167 |     33 |      0 |   1723 |   3 |  733.3 |
               +--------+--------+--------+--------+--------+-----+--------+

Top non-repeatable levels by time:
     D:2: 857 daAuts
     D:3: 797 daAuts
     D:1: 544 daAuts
